 Dungeon Crawl Stone Soup version 0.32-a0-913-g739538afd8 (webtiles) character file.

Game seed: 7586438181682462946

67 Rennog the Trooper (level 4, 0/21 (37) HPs)
             Began as a Formicid Fighter on Apr 8, 2024.
             Slain by a gnoll
             ... wielding a +0 spear
              (2 damage)
             ... on level 2 of the Dungeon.
             The game lasted 00:03:44 (1487 turns).

Rennog the Trooper (Formicid Fighter)               Turns: 1487, Time: 00:03:44

HP:   0/21 (37)     AC: 10    Str: 20 (21) XL:     4   Next: 38%
MP:   4/4           EV:  6    Int:  7      God:
Gold: 81            SH:  4    Dex: 13 (15) Spells: 3/3 levels left

rFire   . . .        a - +0 long sword
rCold   . . .        c - +0 buckler
rNeg    . . .        j - +0 chain mail
rPois   .            (helmet unavailable)
rElec   .            (no cloak)
rCorr   .            (no gloves)
SInv    +            g - +0 pair of boots
Will    .....        (no amulet) Stlth
                     (no ring)
HPRegen 0.23/turn    (no ring)
MPRegen 0.09/turn

%: no passive effects
@: very heavily drained
A: permanent stasis, dig shafts and tunnels, antennae 3, four strong arms
a: Dig, Shaft Self


You were on level 2 of the Dungeon.
You visited 1 branch of the dungeon, and saw 2 of its levels.

You collected 81 gold pieces.

Inventory:

Hand Weapons
 a - a +0 long sword (weapon)
Armour
 b - a +0 scale mail
 c - a +0 buckler (worn)
 e - an orb of mayhem
 g - a +0 pair of boots (worn)
 j - a +0 chain mail (worn)
Jewellery
 k - a +4 ring of protection
Scrolls
 f - a scroll of enchant weapon {unknown}
 h - a scroll of immolation {unknown}
 i - 2 scrolls of teleportation {unknown}
 l - a scroll of identify {unknown}
Potions
 d - a potion of might


   Skills:
 * Level 4.1 Fighting
 * Level 3.6 Long Blades
 - Level 3.2 Armour
 + Level 0.1 Dodging
 - Level 4.0 Shields


You had 3 spell levels left.
You didn't know any spells.
Your spell library contained the following spells:

 Spells                   Type           Power      Damage    Failure   Level
 Kiss of Death            Conj/Necr      0%         2d5       99%         1
 Necrotise                Necr           0%         1d4       99%         1
 Sublimation of Blood     Necr           0%         N/A       100%        2
 Animate Dead             Necr           0%         N/A       100%        4


Dungeon Overview and Level Annotations

Branches:
Dungeon (2/15)

Altars:
Kikubaaqudgha

Shops:
D:2 (


Innate Abilities, Weirdness & Mutations

You cannot be hasted, slowed, berserked, paralysed or teleported.
You can dig through walls and to a lower floor.
You have a pair of large antennae on your head. (SInv)
Your four strong arms can wield two-handed weapons with a shield.


Message History

The gnoll barely misses you.
You hit the gnoll.
The gnoll is moderately wounded.
The gnoll hits you with a +0 whip. The gnoll barely misses you.
The gnoll closely misses you. The gnoll hits you but does no damage.
You hit the gnoll.
The gnoll is severely wounded.
You block the gnoll's attack. The gnoll barely misses you.
You barely miss the gnoll.
The gnoll is severely wounded.
The gnoll hits you with a +0 whip.
* * * LOW HITPOINT WARNING * * *
The gnoll barely misses you.
You hear Kikubaaqudgha cackling.
You feel drained.
The divine experience drains your vigour!
Your stasis prevents you from being slowed.
You hit the gnoll but do no damage.
The gnoll is severely wounded.
The gnoll barely misses you. The gnoll hits you but does no damage.
You hit the gnoll.
You kill the gnoll!
The gnoll hits you but does no damage. x2
The gnoll hits you with a +0 spear.
* * * LOW HITPOINT WARNING * * *
You see here a +0 whip.
You barely miss the gnoll. The gnoll closely misses you.
You hit the gnoll but do no damage. The gnoll barely misses you.
You barely miss the gnoll. The gnoll hits you with a +0 spear.
* * * LOW HITPOINT WARNING * * *
You block the gnoll's attack. The gnoll attacks as it pursues you!
The gnoll barely misses you. The gnoll attacks as it pursues you!
The gnoll closely misses you. The gnoll attacks as it pursues you!
The gnoll hits you from afar with a +0 spear.
* * * LOW HITPOINT WARNING * * *
The gnoll attacks as it pursues you! The gnoll barely misses you.
The gnoll attacks as it pursues you!
The gnoll hits you from afar with a +0 spear.
You die...

#.#####.##.#
#...g......#
#######.#### #.# #..
#g# #.# #.# #.# #g#
#.# #.# #.###########
#@###.#.........#
#####.........#####.#
#..>........#.# #.#
#.#######.###.# #.#
#.# #.# #.# ##.# #.#
#.# #.# #..# #.#
#.###.####.## #.#
#.......##.# #.#
#.#####.##.#


You could see 2 gnolls.

Vanquished Creatures
  2 gnolls (D:2)
  3 dart slugs (D:1)
  2 ball pythons
  5 endoplasms
  A giant cockroach (D:1)
  A gnoll zombie (D:2)
  A goblin (D:1)
  A hobgoblin (D:2)
  4 jackals (D:1)
  4 quokkas (D:1)
  2 bats
  4 frilled lizards
  A hobgoblin zombie (D:2)
  A jackal zombie (D:1)
  4 kobolds
  4 rats
40 creatures vanquished.

Notes
Turn   | Place    | Note
-------+----------+-------------------------------------------
     0 | D:1      | Rennog the Formicid Fighter began the quest for the Orb.
     0 | D:1      | Reached XP level 1. HP: 18/18 MP: 1/1
   143 | D:1      | Reached XP level 2. HP: 19/24 MP: 2/2
   427 | D:1      | Found a faded altar of an unknown god.
   463 | D:1      | Prayed at the altar of an unknown god.
   463 | D:1      | Became a worshipper of Kikubaaqudgha
   463 | D:1      | Reached * piety under Kikubaaqudgha
   463 | D:1      | Received a gift from Kikubaaqudgha
   464 | D:1      | Fell from the grace of Kikubaaqudgha
   510 | D:1      | Reached XP level 3. HP: 27/30 MP: 3/3
  1190 | D:2      | Found Luwosuit's Antique Weapon Emporium.
  1456 | D:2      | Reached XP level 4. HP: 32/37 MP: 4/4
  1485 | D:2      | HP: 1/21 [gnoll/+0 spear (4)]
  1487 | D:2      | Slain by a gnoll

Illustrated notes

Levels and vault maps discovered:
D:1:      dpeg_arrival_simpleton_c, layout_loops_corners,
          hellmonk_ecumenical_altar_zigzags, chequers_serial_rivers_large_b
D:2:      layout_loops_ring, serial_shops, shop

Skill      XL: |  1  2  3 |
---------------+----------+-----
Fighting       | 4 |  4.1
Long Blades    | 3 |  3.6
Armour         | |  3.2
Dodging        | |  0.1
Shields        | |  4.0

Action                     |  1- 3 |  4- 6 || total
---------------------------+-------+-------++-------
  Melee: Long sword        |   130 |    15 ||   145
 Invoke: Renounce Religion |     1 |       ||     1
 Armour: Scale mail        |    75 |       ||    75
         Chain mail        |    24 |    14 ||    38
  Dodge: Dodged            |    44 |    12 ||    56
  Block: Buckler           |    35 |     3 ||    38

Table legend: (Time is in decaauts)
 A = Elapsed time spent in this place.
 B = Non-inter-level travel time spent in this place.
 C = Inter-level travel time spent in this place.
 D = Time resting spent in this place.
 E = Time spent auto-exploring this place.
 F = Levels seen in this place.
 G = Mean time per level.
                   A        B        C        D        E       F      G
               +--------+--------+--------+--------+--------+-----+--------+
         Total |   1589 |   1401 |    188 |      0 |   1056 |   2 |  794.5 |
       Dungeon |   1589 |   1401 |    188 |      0 |   1056 |   2 |  794.5 |
               +--------+--------+--------+--------+--------+-----+--------+

Top non-repeatable levels by time:
     D:1: 1279 daAuts
     D:2: 310 daAuts
